 Seeded DCSS version 0.30-a0-272-gf98c3da03f (webtiles) character file.

Game seed: 20221016 (custom seed)

19186 a11behringer the Basher (level 12, -4/107 HPs)
             Began as a Minotaur Fighter on Oct 16, 2022.
             Was the Champion of Okawaru.
             Slain by a brown ugly thing (10 damage)
             ... summoned by an orange crystal statue
             ... on level 12 of the Dungeon.
             The game lasted 00:36:26 (12825 turns).

a11behringer the Basher (Minotaur Fighter)         Turns: 12825, Time: 00:36:27

Health: -4/107     AC: 22    Str: 31    XL:     12   Next: 34%
Magic:  11/16      EV: 12    Int:  9    God:    Okawaru [******]
Gold:   1079       SH:  7    Dex: 11    Spells: 11/11 levels left

rFire   . . .      SeeInvis .    L - +6 morningstar (freeze)
rCold   . . .      Faith    .    c - +0 buckler
rNeg    + . .      Spirit   .    y - +1 plate armour
rPois   .          Reflect  .    (helmet restricted)
rElec   .          Harm     .    W - +0 cloak
rCorr   .          Rampage  .    b - +1 pair of gloves of Pragmatism {Str+6 Int+4}
Will    +....                    (no boots)
Stlth   ..........               (no amulet)
HPRegen 0.37/turn                w - ring of willpower
MPRegen 0.15/turn                J - ring of positive energy

@: heroic
A: horns 2, retaliatory headbutt
a: Renounce Religion, Heroism, Finesse, Duel


You were on level 12 of the Dungeon.
You worshipped Okawaru.
Okawaru was exalted by your worship.
You visited 1 branch of the dungeon, and saw 12 of its levels.

You collected 1079 gold pieces.

Inventory:

Hand Weapons
 L - a +6 morningstar of freezing (weapon)
 N - a +1 shortbow of flaming
 P - a +3 hand crossbow of freezing
Missiles
 o - 36 poisoned darts (quivered)
 t - 4 throwing nets
 D - 2 silver javelins
Armour
 a - a +0 pair of gloves
 b - the +1 pair of gloves of Pragmatism (worn) {Str+6 Int+4}
   (You acquired it on level 12 of the Dungeon)

   Str:       It affects your strength (+6).
   Int:       It affects your intelligence (+4).
 c - a +0 buckler (worn)
 y - a +1 plate armour (worn)
 I - a +2 robe of willpower
 M - +1 acid dragon scales
 V - a +0 troll leather armour
 W - a +0 cloak (worn)
Jewellery
 w - a ring of willpower (left hand)
 B - a ring of fire
 J - a ring of positive energy (right hand)
Wands
 e - a wand of mindburst (16)
 k - a wand of acid (3)
 U - a wand of iceblast (15)
Scrolls
 d - a scroll of brand weapon
 f - a scroll of identify
 i - 2 scrolls of poison
 m - 2 scrolls of enchant weapon
 n - 3 scrolls of blinking
 s - 2 scrolls of magic mapping
 u - 3 scrolls of torment
 v - 5 scrolls of vulnerability
 z - 6 scrolls of teleportation
 C - 4 scrolls of silence
 H - 2 scrolls of enchant armour
 T - 2 scrolls of fog
Potions
 h - 3 potions of brilliance
 j - 2 potions of haste
 l - 7 potions of curing
 q - 5 potions of mutation
 A - a potion of invisibility {unknown}
 E - 3 potions of degeneration
 F - 3 potions of magic
 G - a potion of resistance
 K - a potion of berserk rage
 O - 2 potions of attraction
 Q - a potion of might


   Skills:
 + Level 10.5(15.5) Fighting
 * Level 14.0(19.0) Maces & Flails
 + Level 6.0(11.0) Ranged Weapons
 + Level 10.5(15.5) Armour
 + Level 5.3(10.3) Dodging
 + Level 9.2(14.2) Shields
 + Level 7.1 Invocations


You had 11 spell levels left.
You didn't know any spells.
Your spell library contained the following spells:

 Spells                   Type           Power      Damage    Failure   Level
 Beastly Appendage        Tmut           0%         N/A       93%         1
 Wereblood                Tmut           0%         N/A       98%         2
 Gell's Gravitas          Tloc           0%         N/A       100%        3
 Spider Form              Tmut/Pois      0%         N/A       100%        3
 Teleport Other           Tloc           0%         N/A       100%        3
 Anguish                  Hex/Necr       0%         N/A       100%        4
 Dispersal                Tloc           0%         N/A       100%        6
 Enfeeble                 Hex            0%         N/A       100%        7
 Malign Gateway           Summ/Tloc      Unusable   N/A       N/A         7
 Summon Horrible Things   Summ           Unusable   N/A       N/A         8

Dungeon Overview and Level Annotations

Branches:
Dungeon (12/15)            Temple (0/1) D:4            Lair (0/5) D:9
    Orc (0/2) D:12

Altars:
Ashenzari
Dithmenos
Elyvilon
Fedhas
Makhleb
Okawaru
Sif Muna
Trog
Uskayaw
Vehumet
Wu Jian
Yredelemnul
The Shining One

Shops:
D:8 [   D:11 (   D:12 (

Annotations:
D:3 exclusion: statue
D:9 3 runed translucent doors, chippings's ghost, novice KoAr
D:12 exclusion: orange crystal statue


Innate Abilities, Weirdness & Mutations

You have a pair of horns on your head.
You reflexively headbutt those who attack you in melee.


Message History

Found Sif Muna's Treatise on Misery and Permutations.
The komodo dragon hisses angrily.
An orange crystal statue comes into view.
The orange crystal statue glitters.
Marking area around an orange crystal statue as unsafe for travelling.
The orange crystal statue glitters.
You resist with almost no effort.
The cyclops throws a large rock.
The large rock hits you but does no damage.
The komodo dragon barely misses you. You furiously retaliate!
You headbutt the komodo dragon!
The orange crystal statue glitters.
You are confused.
The cyclops hits you!
The komodo dragon bites you but does no damage.
The orange crystal statue glitters.
The komodo dragon bites you!! The cyclops hits you!!
The orange crystal statue fixes its piercing gaze on you.
Something tries to feed on your intellect!
You bump into the rock wall.
The komodo dragon bites you!! The cyclops hits you!
* * * LOW HITPOINT WARNING * * *
The komodo dragon bites you but does no damage.
You are too confused!
The komodo dragon closely misses you.
The orange crystal statue fixes its piercing gaze on you.
You feel your power leaking away.
The cyclops throws a large rock.
The large rock completely misses you.
You bump into the rock wall.
You feel less confused. The komodo dragon bites you.
* * * LOW HITPOINT WARNING * * *
The orange crystal statue fixes its piercing gaze on you.
Something tries to feed on your intellect!
The komodo dragon hisses menacingly.
You gain the combat prowess of a mighty hero.
The komodo dragon bites you!!
* * * LOW HITPOINT WARNING * * *
The brown ugly thing trunk-slaps you!
You die...

..........#####...#
..............#...##
..........##).#....###
..........#.>.#......####
..###...###...#.......:8#
..#.......#...#....C.####
.#............#....###
............#.#.lu##
............#.#.@.#
............#.#..##
............#.#..#
..........(...#..#
.........#...##..#
.............##..#
......[...#..##..#
......).....###..#
.........[#..##..#


You could see a brown ugly thing (summoned), a cyclops (summoned) and a komodo
dragon.

Vanquished Creatures
  Rupert (D:12)
  A boulder beetle (D:11)
  3 two-headed ogres
  An orc knight (D:10)
  A deep elf pyromancer (D:12)
  An ugly thing (D:12)
  2 cyclopes
  2 manticores
  3 gargoyles
  Maggie (D:7)
  2 komodo dragons (D:9)
  Psyche (D:9)
  4 trolls
  23 yaks
  A shadow (D:9)
  A vampire (D:11)
  2 wraiths (D:12)
  2 wyverns
  Grum (D:8)
  6 vampire mosquitoes
  A steam dragon (D:9)
  3 water moccasins
  2 acid dragons
  A swamp drake (D:9)
  3 black bears
  An ice beast (D:8)
  6 orc warriors
  2 ogres
  3 wolves (D:8)
  3 phantoms
  3 centaurs
  3 kobold brigands
  4 scorpions
  4 bullfrogs
  A necrophage (D:5)
  13 wights
  A howler monkey (D:8)
  4 jellies
  6 orc priests
  4 hounds
  An iguana (D:4)
  9 orc wizards
  10 adders
  7 gnolls
  A worm (D:2)
  2 dart slugs
  42 orcs
  7 ball pythons
  7 bats
  11 endoplasms
  7 giant cockroaches
  12 hobgoblins
  4 jackals (D:1)
  22 kobolds
  4 quokkas
  4 frilled lizards
  7 goblins
  4 rats
288 creatures vanquished.

Vanquished Creatures (others)
  4 fungi (D:2)
  11 toadstools (D:2)
15 creatures vanquished.

Grand Total: 303 creatures vanquished

Notes
Turn   | Place    | Note
-------+----------+-------------------------------------------
     0 | D:1      | a11behringer the Minotaur Fighter began the quest for the
                  | Orb.
     0 | D:1      | Reached XP level 1. HP: 19/19 MP: 0/0
   141 | D:1      | Reached XP level 2. HP: 27/27 MP: 1/1
   261 | D:1      | Reached skill level 3 in Maces & Flails
   431 | D:1      | Found a faded altar of an unknown god.
   759 | D:2      | Reached XP level 3. HP: 33/33 MP: 2/2
  1102 | D:2      | Reached skill level 4 in Maces & Flails
  1102 | D:2      | Reached XP level 4. HP: 27/41 MP: 3/3
  1239 | D:2      | Reached XP level 5. HP: 47/47 MP: 4/4
  1637 | D:3      | Found an iron altar of Okawaru.
  1650 | D:3      | Became a worshipper of Warmaster Okawaru
  2266 | D:3      | Noticed an ogre
  2280 | D:3      | Killed an ogre
  2281 | D:3      | Reached skill level 5 in Maces & Flails
  2281 | D:3      | Reached XP level 6. HP: 10/55 MP: 5/5
  2497 | D:3      | Found a radiant altar of Vehumet.
  2893 | D:4      | Reached skill level 5 in Fighting
  2899 | D:4      | Reached skill level 5 in Shields
  2920 | D:4      | Reached skill level 5 in Armour
  2957 | D:4      | Reached * piety under Okawaru
  2969 | D:4      | You fall into a shaft and drop 1 floor!
  2969 | D:5      | Entered Level 5 of the Dungeon
  2990 | D:5      | Noticed an orc warrior
  3000 | D:5      | Killed an orc warrior
  3001 | D:5      | Reached skill level 6 in Maces & Flails
  3001 | D:5      | Reached XP level 7. HP: 53/61 MP: 3/6
  3369 | D:4      | Found a staircase to the Ecumenical Temple.
  3478 | D:4      | Reached skill level 7 in Maces & Flails
  3785 | D:5      | Reached ** piety under Okawaru
  3956 | D:5      | Reached skill level 1 in Invocations
  3956 | D:5      | Reached XP level 8. HP: 70/70 MP: 7/7
  4071 | D:5      | Found a blossoming altar of Fedhas.
  4168 | D:5      | Reached skill level 8 in Maces & Flails
  4180 | D:5      | Reached *** piety under Okawaru
  4330 | D:5      | Found an ornate altar of the Wu Jian Council.
  4371 | D:6      | Found a bloodstained altar of Trog.
  4385 | D:6      | Noticed a manticore
  4393 | D:6      | Killed a manticore
  4394 | D:6      | Reached skill level 9 in Maces & Flails
  4394 | D:6      | Reached XP level 9. HP: 39/79 MP: 7/10
  4529 | D:6      | Found a shadowy altar of Dithmenos.
  4819 | D:6      | Found a broken altar of Ashenzari.
  5237 | D:6      | Found a glowing golden altar of the Shining One.
  5372 | D:7      | Reached **** piety under Okawaru
  5382 | D:7      | Reached skill level 10 in Maces & Flails
  5804 | D:7      | Noticed Maggie
  5815 | D:7      | Killed Maggie
  5816 | D:7      | Reached skill level 1 in Ranged Weapons
  6081 | D:7      | Found a hide-covered altar of Uskayaw.
  6122 | D:7      | Found a shimmering blue altar of Sif Muna.
  6385 | D:7      | Found a white marble altar of Elyvilon.
  6750 | D:8      | Noticed Grum
  6765 | D:8      | Reached XP level 10. HP: 68/90 MP: 4/12
  6771 | D:8      | Killed Grum
  6772 | D:8      | Reached skill level 11 in Maces & Flails
  6796 | D:8      | Reached ***** piety under Okawaru
  7077 | D:8      | Reached skill level 5 in Invocations
  7085 | D:8      | Reached skill level 1 in Dodging
  7406 | D:8      | Found Plog's Antique Armour Shop.
  7697 | D:8      | Found a basalt altar of Yredelemnul.
  8053 | D:9      | Found a runed translucent gate.
  8053 | D:9      | Found a runed translucent gate.
  8053 | D:9      | Found a runed translucent gate.
  8071 | D:9      | Noticed chippings's ghost (novice KoAr)
  8447 | D:9      | Found a burning altar of Makhleb.
  8498 | D:9      | Noticed a two-headed ogre
  8502 | D:9      | Killed a two-headed ogre
  8502 | D:9      | Received a gift from Okawaru
  8503 | D:9      | Reached skill level 12 in Maces & Flails
  8639 | D:9      | Noticed Psyche
  8644 | D:9      | Killed Psyche
  9056 | D:9      | Identified the +0 robe of Xom's Benevolence {Dex+4}
  9187 | D:9      | Reached XP level 11. HP: 75/97 MP: 14/14
  9248 | D:9      | Found a staircase to the Lair.
  9601 | D:10     | Entered Level 10 of the Dungeon
  9674 | D:10     | Received a gift from Okawaru
  9995 | D:10     | Noticed a two-headed ogre
 10003 | D:10     | Killed a two-headed ogre
 10227 | D:10     | Found a runed translucent door.
 10515 | D:10     | Noticed an orc knight
 10531 | D:10     | Killed an orc knight
 10969 | D:11     | Reached ****** piety under Okawaru
 11080 | D:11     | Found Wionteank's Weapon Shoppe.
 11258 | D:11     | Reached skill level 13 in Maces & Flails
 11262 | D:11     | Reached skill level 5 in Ranged Weapons
 11267 | D:11     | Identified the +7 rapier "Fatrei" {protect, Drain rPois
                  | rN++ Dex+4} (Okawaru gifted it to you on level 11 of the
                  | Dungeon)
 11267 | D:11     | Received a gift from Okawaru
 11458 | D:11     | Noticed a boulder beetle
 11492 | D:11     | Killed a boulder beetle
 11493 | D:11     | Reached skill level 10 in Fighting
 11493 | D:11     | Reached skill level 10 in Armour
 11896 | D:12     | Noticed a red ugly thing
 11903 | D:12     | Killed a red ugly thing
 11921 | D:12     | Reached XP level 12. HP: 50/106 MP: 16/16
 12102 | D:12     | Noticed a two-headed ogre
 12107 | D:12     | Killed a two-headed ogre
 12107 | D:12     | Identified the +1 ring mail "Geos" {rElec rCorr Int-3
                  | Dex-4} (Okawaru gifted it to you on level 12 of the
                  | Dungeon)
 12107 | D:12     | Received a gift from Okawaru
 12120 | D:12     | Reached skill level 5 in Dodging
 12434 | D:12     | Found Rynosif's Weapon Shop.
 12439 | D:12     | Noticed Rupert
 12448 | D:12     | Found a staircase to the Orcish Mines.
 12457 | D:12     | Killed Rupert
 12644 | D:12     | Reached skill level 14 in Maces & Flails
 12724 | D:12     | Identified a scroll of acquirement
 12724 | D:12     | Acquired the +1 pair of gloves of Pragmatism {Str+6 Int+4}
 12825 | D:12     | Slain by a brown ugly thing

Illustrated notes

Levels and vault maps discovered:
D:1:      minmay_arrival_three_doors, layout_loops_ring,
          shapermc_ecumenical_altar_starsandcircs, hex_tiny
D:2:      cheibrodos_fertilizer, layout_loops_ring, minmay_surrounded
D:3:      layout_loops_ring, vehumet_statue,
          hellmonk_okawaru_the_only_friend_you_need, eino_tiny_chamber,
          nicolae_underground_beach
D:4:      layout_rooms, temple_green
D:5:      layout_rooms, pdpol_wu_jian_five_deadly_venoms, fedhas_altar_1
D:6:      layout_basic, overflow_temple_1_default, tso_oasis_becter,
          overflow_temple_1_default, mainiacjoe_overflow_surrounded_room
D:7:      layout_loops_ring, elyvilon_altar_3, led_sif_book,
          kennysheep_mini_moat, uniq_maggie
D:8:      layout_gridville, mainiacjoe_overflow_24_doors, serial_shops,
          nicolae_shop_stone, uniq_grum
D:9:      layout_basic, nicolae_overflow_crystal_walls, erik_lair_dragon,
          gammafunk_ghost_spectres, serial_bayou_pond_d, uniq_psyche
D:10:     layout_small_grid, lightli_church_of_beogh
D:11:     layout_basic, serial_shops, nicolae_shop_bloodbath_and_beyond
D:12:     minmay_statue_hallways, layout_rooms, orc_david_3, uniq_rupert

Skill      XL: |  1  2  3  4  5  6  7  8  9 10 11 12 |
---------------+-------------------------------------+-----
Maces & Flails | 3 4 5 6 7 9 10 12 13 14 | 14.0
Shields        | 4 5 6 7 8 9 |  9.2
Fighting       | 4 5 6 7 8 9 10 | 10.5
Armour         | 4 5 6 7 8 9 10 | 10.5
Invocations    | 1 3 4 5 6 7 |  7.1
Ranged Weapons | 2 4 5 6 |  6.0
Dodging        | 2 4 5 |  5.3

Action                   |  1- 3 |  4- 6 |  7- 9 | 10-12 || total
-------------------------+-------+-------+-------+-------++-------
Melee: Flail             |   118 |   100 |    44 |       ||   262
       Headbutt          |     7 |    14 |    47 |    68 ||   136
       Dire flail        |       |       |   171 |       ||   171
       Morningstar       |       |       |    43 |   348 ||   391
 Fire: Sling             |       |       |    19 |       ||    19
Throw: Dart              |       |     2 |       |       ||     2
Invok: Heroism           |       |     1 |     6 |    10 ||    17
       Finesse           |       |       |     1 |     4 ||     5
  Use: Potion            |     1 |       |       |     1 ||     2
       Scroll            |       |       |       |    25 ||    25
Armor: Scale mail        |    25 |       |       |       ||    25
       Ring mail         |    35 |    47 |    15 |       ||    97
       Plate armour      |       |       |   125 |   180 ||   305
Dodge: Dodged            |    56 |    48 |    85 |   100 ||   289
Block: Buckler           |    26 |    22 |    22 |    99 ||   169

Table legend: (Time is in decaauts)
 A = Elapsed time spent in this place.
 B = Non-inter-level travel time spent in this place.
 C = Inter-level travel time spent in this place.
 D = Time resting spent in this place.
 E = Time spent auto-exploring this place.
 F = Levels seen in this place.
 G = Mean time per level.
                   A        B        C        D        E       F      G
               +--------+--------+--------+--------+--------+-----+--------+
         Total |  12784 |  12153 |    631 |      0 |  10439 |  12 | 1065.3 |
       Dungeon |  12784 |  12153 |    631 |      0 |  10439 |  12 | 1065.3 |
               +--------+--------+--------+--------+--------+-----+--------+

Top non-repeatable levels by time:
     D:9: 1604 daAuts
     D:7: 1372 daAuts
     D:8: 1244 daAuts
    D:10: 1195 daAuts
     D:3: 1194 daAuts
     D:2: 1007 daAuts
    D:11: 1005 daAuts
     D:6: 992 daAuts
    D:12: 959 daAuts
     D:5: 868 daAuts
     D:1: 736 daAuts
     D:4: 604 daAuts
